Map: Crête de Lerilak

Players

Korsar

  • Race: Terran Terran
  • League: Silver
  • Spawn Location: 7:00

zidar - Winner!

  • Race: Zerg Zerg
  • League: Silver
  • Spawn Location: 11:00

VOD

Have the link to the VOD?

Description

Time

  • Played on: Dec. 16, 2015, 2:05 p.m.
  • Length: 10:17
Show
View Real Time Build Order
Export as new Build Order

Korsar Terran 

Build Orders:  

Get SALT Encoding   

  12  0:02  SCV  
  13  0:15  SCV  
  14  0:28  SCV, Supply Depot  
  14  0:31  Refinery  
  15  0:50  SCV  
  15  0:52  Barracks  
  16  1:02  SCV  
  16  1:03  Supply Depot  
  17  1:14  SCV  
  18  1:42  Reaper  
  18  1:46  Barracks  
  19  1:53  Refinery  
  19  2:18  Reaper  
  20  2:27  Barracks  
  20  2:34  Reaper  
  21  2:37  Barracks  
  21  2:44  SCV  
  21  2:51  Reaper  
  23  2:56  SCV  
  24  3:07  Reaper  
  24  3:08  SCV  
  26  3:15  Reaper  
  27  3:25  Bunker  
  27  3:32  Supply Depot  
  27  3:40  Reaper x3  
  30  3:46  Marine  
  30  3:47  Engineering Bay  
  31  3:55  Supply Depot  
  30  4:04  Marine  
  30  4:22  Marine  
  30  4:40  Marine  
  30  4:56  Barracks Tech Lab  
  30  4:57  Barracks Tech Lab  
  28  5:00  Factory  
  28  5:01  Marine  
  28  5:04  Marine  
  30  5:13  SCV  
  31  5:18  Marauder  
  31  5:19  Marine, Marauder  
  31  5:20  Supply Depot  
  36  5:21  Marine  
  36  5:25  SCV  
  38  5:37  Sensor Tower  
  38  5:38  SCV  
  38  5:39  Marine  
  38  5:42  Marauder x2  
  44  5:43  Marine  
  44  5:46  Factory Tech Lab  
  44  6:14  Starport  
  44  6:15  Siege Tank  
  47  6:27  Marine  
  47  6:45  Marine, Orbital Command  
  48  6:56  Medivac  
  50  7:03  Marine  
  51  7:20  Marine  
  52  7:23  Command Center  
  52  7:38  Marine  
  52  7:39  Supply Depot  
  52  7:42  Terran Infantry Weapons Level 1  
  53  7:55  Missile Turret  
  53  7:56  Marine  
  54  8:15  Missile Turret  
  54  8:18  Siege Tank  
  57  8:48  Missile Turret  
  56  8:52  Marine  
  57  8:59  Marauder x2  
  53  9:10  Marine  
Show
View Real Time Build Order
Export as new Build Order

zidar Zerg - Winner!

Build Orders: Hatch First 

Get SALT Encoding   

  12  0:01  Drone  
  13  0:12  Overlord  
  13  0:19  Drone  
  14  0:30  Drone x2  
  14  0:34  Drone  
  17  0:57  Hatchery  
  17  0:59  Drone  
  17  1:13  Spawning Pool  
  17  1:17  Drone  
  17  1:21  Extractor  
  17  1:22  Drone  
  17  1:26  Drone  
  18  1:34  Overlord  
  18  1:39  Drone  
  19  1:50  Drone  
  20  2:05  Queen  
  22  2:09  Queen  
  24  2:23  Zergling x4  
  24  2:24  Zergling x2  
  24  2:27  Metabolic Boost  
  27  2:34  Drone x2  
  29  2:53  Spine Crawler  
  28  3:00  Roach Warren  
  28  3:03  Drone x4  
  31  3:33  Drone  
  31  3:34  Drone x2  
  33  3:40  Roach  
  36  3:43  Overlord x3  
  32  4:15  Roach x6  
  32  4:16  Roach x3  
  45  4:59  Ravager  
  47  5:00  Ravager  
  47  5:11  Extractor  
  48  5:14  Drone x12  
  58  5:47  Extractor  
  58  5:49  Extractor  
  56  5:56  Roach x2  
  60  6:52  Overlord  
  60  6:53  Overlord x3  
  60  6:56  Lair  
  60  7:08  Spore Crawler  
  59  7:12  Spore Crawler  
  58  7:21  Evolution Chamber  
  58  7:22  Roach  
  59  7:23  Roach x16  
  59  7:29  Overlord x4  
  91  7:53  Ravager  
  91  7:54  Ravager x3  
  91  7:55  Ravager x5  
  100  8:07  Zerg Ground Armor Level 1  
  100  8:22  Glial Reconstitution  
  100  8:28  Drone x13  
  81  9:32  Roach x11  
Tags
 
Add a new tag
Caveats
  • Supply blocks, unpowered buildings, or Contaminate may cause inaccurate times.
  • Supply counts are checked every 10 seconds.